 Dungeon Crawl Stone Soup version 0.31-a0-4-gefa6de2278 (webtiles) character file.

Game seed: 16713325925821080613

49 Pimp the Ruffian (level 3, -6/29 HPs)
             Began as a Draconian Transmuter on May 4, 2023.
             Mangled by a gnoll
             ... wielding a +0 spear
              (8 damage)
             ... on level 2 of the Dungeon.
             The game lasted 00:02:08 (1003 turns).

Pimp the Ruffian (Draconian Transmuter)             Turns: 1003, Time: 00:02:09

Health: -6/29      AC:  5    Str: 12    XL:     3   Next: 53%
Magic:  0/6        EV: 12    Int: 15    God:
Gold:   152        SH:  0    Dex: 11    Spells: 5/6 levels left

rFire   . . .        e - +2 spear (vamp)
rCold   . . .        (no shield)
rNeg    . . .        (body armour unavailable)
rPois   +            (helmet restricted)
rElec   .            (no cloak)
rCorr   .            (no gloves)
SInv    .            (no boots)
Will    .....        b - amulet of guardian spirit
Stlth   +            f - ring of poison resistance
HPRegen 0.24/turn    (no ring)
MPRegen 0.10/turn

%: guardian spirit
@: weak-willed, attractive
A: AC +5, unfitting armour, cold-blooded
a: no special abilities


You were on level 2 of the Dungeon.
You visited 1 branch of the dungeon, and saw 2 of its levels.

You collected 152 gold pieces.

Inventory:

Hand Weapons
 e - a +2 vampiric spear (weapon)
Jewellery
 b - an amulet of guardian spirit (around neck)
 f - a ring of poison resistance (left hand)
Potions
 a - a potion of lignification
 c - a potion of flight


   Skills:
 + Level 1.9 Fighting
 + Level 2.2 Dodging
 + Level 3.3 Unarmed Combat
 + Level 2.4 Spellcasting
 + Level 2.4 Transmutations


You had 5 spell levels left.
You knew the following spells:

 Your Spells              Type           Power      Damage    Failure   Level
a - Beastly Appendage     Tmut           18%        N/A       8%          1

Your spell library contained the following spells:

 Spells                   Type           Power      Damage    Failure   Level
 Wereblood                Tmut           9%         N/A       12%         2
 Ensorcelled Hibernation  Hex/Ice        2%         N/A       32%         2
 Spider Form              Tmut/Pois      5%         N/A       36%         3
 Ice Form                 Ice/Tmut       5%         N/A       77%         4
 Anguish                  Hex/Necr       0%         N/A       91%         4


Dungeon Overview and Level Annotations

Branches:
Dungeon (2/15)

Altars:

Annotations:
D:2 Jessica


Innate Abilities, Weirdness & Mutations

Your plain brown scales are hard. (AC +5)
You cannot fit into any form of body armour.
You are cold-blooded and may be slowed by cold attacks.


Message History

The gnoll closely misses you.
You barely miss the ball python. You tail-slap the ball python.
The ball python is severely wounded.
The ball python closely misses you. The ball python constricts you.
The gnoll barely misses you.
The ball python bites you but does no damage.
The ball python constricts you.
You hit the ball python.
You feel better.
You kill the ball python!
The gnoll barely misses you.
You hit the gnoll.
The gnoll is heavily wounded.
The gnoll misses you.
The gnoll hits you from afar with a +0 spear.
You closely miss the gnoll.
The gnoll is heavily wounded.
The gnoll completely misses you.
The gnoll hits you from afar with a +0 spear.
It was a potion of attraction.
You feel attractive to monsters. The gnoll misses you.
The gnoll hits you from afar with a +0 spear.
You hit the gnoll but do no damage.
The gnoll is heavily wounded.
The gnoll hits you with a +0 whip.
* * * LOW HITPOINT WARNING * * *
The gnoll hits you but does no damage.
You hit the gnoll.
The gnoll is heavily wounded.
The gnoll hits you with a +0 whip.
* * * LOW HITPOINT WARNING * * *
The gnoll completely misses you. The gnoll is attracted toward you.
The hobgoblin is attracted toward you. The bat is attracted toward you.
You hit the gnoll.
The gnoll is almost dead.
The gnoll hits you with a +0 whip.
* * * LOW HITPOINT WARNING * * *
The gnoll hits you from afar with a +0 spear!
You die...

#........# .##...#####...##
#.#....#.###.##...#........#
##............##...#........##
##..........### #.........#
..............#######....####.#
..#....###.........##....# #.##
# #..#..)#..@#####.......# #..#
.......#(..bbggg.#..##...# ##.#
##..##.###..g###@........# #..#
...# #.......# ##...##...# #.##
..# ####....# #..#......# #.# .
#.....# #.####....# #.#
#..#...##.. ##...####.#
...#######.# #.....##.## ### ..
#####.....# ### #.....# #.....#


You could see 2 gnolls, Jessica (weak-willed), a hobgoblin (weak-willed) and a
bat (weak-willed).

Vanquished Creatures
  A gnoll (D:2)
  3 dart slugs
  2 endoplasms (D:1)
  2 goblins
  5 hobgoblins
  3 quokkas (D:1)
  5 ball pythons
  6 bats
  A frilled lizard (D:1)
  2 kobolds
  4 rats
34 creatures vanquished.

Notes
Turn   | Place    | Note
-------+----------+-------------------------------------------
     0 | D:1      | Pimp the Draconian Transmuter began the quest for the Orb.
     0 | D:1      | Reached XP level 1. HP: 16/16 MP: 3/3
   210 | D:1      | Reached XP level 2. HP: 19/23 MP: 5/5
   839 | D:2      | Reached XP level 3. HP: 29/29 MP: 6/6
   956 | D:2      | Noticed Jessica
  1003 | D:2      | Mangled by a gnoll

Illustrated notes

Levels and vault maps discovered:
D:1:      eino_arrival_water_star, layout_loops_ring, minivault_19
D:2:      layout_rooms, minmay_tetromino_l2, uniq_jessica

Skill      XL: |  1  2 |
---------------+-------+-----
Dodging        | 2 |  2.2
Fighting       | |  1.9
Unarmed Combat | |  3.3
Spellcasting   | |  2.4
Transmutations | |  2.4

Action                     || total
---------------------------++-------
  Melee: Unarmed           ||     9
         Spear             ||    98
         Tailslap          ||    14
         Kick              ||     1
   Cast: Beastly Appendage ||     2
    Use: Scroll            ||     4
         Potion            ||     2
 Armour: Skin              ||    51
  Dodge: Dodged            ||    93

Table legend: (Time is in decaauts)
 A = Elapsed time spent in this place.
 B = Non-inter-level travel time spent in this place.
 C = Inter-level travel time spent in this place.
 D = Time resting spent in this place.
 E = Time spent auto-exploring this place.
 F = Levels seen in this place.
 G = Mean time per level.
                   A        B        C        D        E       F      G
               +--------+--------+--------+--------+--------+-----+--------+
         Total |   1018 |    994 |     24 |      0 |    655 |   2 |  509.0 |
       Dungeon |   1018 |    994 |     24 |      0 |    655 |   2 |  509.0 |
               +--------+--------+--------+--------+--------+-----+--------+

Top non-repeatable levels by time:
     D:1: 841 daAuts
     D:2: 176 daAuts
